 Dungeon Crawl Stone Soup version 0.31-a0-1002-g8e65716e6e (webtiles) character file.

Game seed: 13914661707158037413

249 BritishOli the Trooper (level 5, 0/43 HPs)
             Began as a Demonspawn Fighter on Nov 10, 2023.
             Slain by an orc wizard
             ... wielding a +0 dagger
              (4 damage)
             ... on level 4 of the Dungeon.
             The game lasted 00:02:05 (2330 turns).

BritishOli the Trooper (Demonspawn Fighter)         Turns: 2330, Time: 00:02:05

Health: 0/43       AC:  9    Str: 18    XL:     5   Next: 87%
Magic:  5/5        EV:  9    Int:  9    God:
Gold:   131        SH:  0    Dex: 13    Spells: 4/4 levels left

rFire   . . .        a - +0 war axe
rCold   . . .        (no shield)
rNeg    . . .        b - +0 scale mail
rPois   .            (no helmet)
rElec   .            (no cloak)
rCorr   .            h - +1 pair of gloves
SInv    .            (no boots)
Will    .....        (no amulet) Stlth
                     (no ring)
HPRegen 0.27/turn    (no ring)
MPRegen 0.18/turn

%: no passive effects
@: no status effects
A: magic regeneration, demonic touch 2
a: no special abilities


You were on level 4 of the Dungeon.
You visited 1 branch of the dungeon, and saw 4 of its levels.

You collected 131 gold pieces.

Inventory:

Hand Weapons
 a - a +0 war axe (weapon)
Armour
 b - a +0 scale mail (worn)
 h - a +1 pair of gloves (worn)
Jewellery
 p - an amulet of guardian spirit
Scrolls
 c - 2 scrolls of blinking {unknown}
 e - 3 scrolls of teleportation {unknown}
 f - 8 scrolls of identify {unknown}
 i - a scroll of fear {unknown}
 l - a scroll of silence {unknown}
 o - 2 scrolls of enchant armour {unknown}
Potions
 d - a potion of might
 g - a potion of invisibility {unknown}
 j - a potion of degeneration {unknown}
 k - a potion of cancellation {unknown}
 m - a potion of lignification {unknown}
 n - 2 potions of heal wounds {unknown}


   Skills:
 + Level 4.5 Fighting
 - Level 2.0 Axes
 + Level 4.0 Armour
 - Level 2.8 Shields
 + Level 2.5 Unarmed Combat


You had 4 spell levels left.
You didn't know any spells.
Your spell library contained the following spells:

 Spells                   Type           Power      Damage    Failure   Level
 Sandblast                Erth           0%         2d4       77%         1
 Blink                    Tloc           0%         N/A       88%         2
 Lesser Beckoning         Tloc           0%         N/A       88%         2
 Momentum Strike          Conj/Tloc      0%         3d8       88%         2
 Passwall                 Tmut/Erth      0%         N/A       88%         2
 Stone Arrow              Conj/Erth      0%         3d7       98%         3
 Anguish                  Hex/Necr       0%         N/A       100%        4
 Brom's Barrelling Bould  Conj/Erth      0%         2d3       100%        4
 Cause Fear               Hex            0%         N/A       100%        4
 Enfeeble                 Hex            0%         N/A       100%        7


Dungeon Overview and Level Annotations

Branches:
Dungeon (4/15)
 Temple: D:4-7

Altars:
Ashenzari

Annotations:
D:3 2 transporters


Innate Abilities, Weirdness & Mutations

You regenerate magic rapidly.
Your touch may inflict irresistible damage on your foes.


Message History

A magic dart appears from out of thin air!
The magic dart hits something!
Reactivating autopickup.
You feel a bit more experienced.
A magic dart appears from out of thin air!
Deactivating autopickup; reactivate with Ctrl-A.
The magic dart hits you but does no damage.
Something hits you but does no damage.
Things that are here:
a +0 dagger; a +0 robe You closely miss something.
You barely miss something.
Something hits you but does no damage. x2
You hear some strange, mumbled words.
A magic dart appears from out of thin air!
The magic dart hits you.
* * * LOW HITPOINT WARNING * * *
Something hits you but does no damage.
You miss something. You barely miss something. Something hits you.
* * * LOW HITPOINT WARNING * * *
Something hits you.
* * * LOW HITPOINT WARNING * * *
You completely miss something. Your punch misses something.
You completely miss something.
You feel less confused. Something hits you.
* * * LOW HITPOINT WARNING * * *
Something hits you but does no damage. x3
Unknown command.
You hit something. You barely miss something.
Something hits you but does no damage. x2
Unknown command.
You closely miss something. Your touch misses something.
You barely miss something. Something hits you but does no damage.
Something hits you.
* * * LOW HITPOINT WARNING * * *
Unknown command.
You closely miss something. Your touch misses something.
You closely miss something.
Something hits you but does no damage. x2
Something hits you.
You die...

#..... #..... ##.....##
#.....
........############.....
##.......................
#.).......#########.....
#.........# #.....
#.####.)).# #..... #.
#{...# #.#### . #.@..#
#># #))..# ##.####
#....########..#...
...............##...
....#.#.<...#....#..)
....#....?### ####....)
..........# ###..)
......##### ###...
######...##


There were no monsters in sight!

Vanquished Creatures
  A scorpion (D:4)
  A jelly (D:4)
  An orc priest (D:4)
  5 adders
  A worm (D:2)
  3 dart slugs
  5 orcs (D:4)
  3 bats
  7 endoplasms
  11 hobgoblins
  4 jackals (D:1)
  3 quokkas
  7 ball pythons
  2 frilled lizards
  7 goblins
  4 kobolds
  5 rats
70 creatures vanquished.

Vanquished Creatures (others)
  An orc wizard (D:4)
1 creature vanquished.

Grand Total: 71 creatures vanquished

Notes
Turn   | Place    | Note
-------+----------+-------------------------------------------
     0 | D:1      | BritishOli the Demonspawn Fighter began the quest for the
                  | Orb.
     0 | D:1      | Reached XP level 1. HP: 18/18 MP: 1/1
   111 | D:1      | Gained mutation: Your touch may inflict minor irresistible
                  | damage on your foes. [demonic ancestry]
   111 | D:1      | Reached XP level 2. HP: 24/24 MP: 2/2
   855 | D:2      | Reached XP level 3. HP: 29/29 MP: 3/3
   944 | D:2      | Reached skill level 1 in Unarmed Combat
   975 | D:2      | Found a broken altar of Ashenzari.
  1163 | D:2      | Gained mutation: Your touch may inflict irresistible damage
                  | on your foes. [demonic ancestry]
  1163 | D:2      | Reached XP level 4. HP: 37/37 MP: 4/4
  1534 | D:3      | Found a transporter.
  1534 | D:3      | Noticed a kobold demonologist
  1575 | D:3      | Found a transporter.
  2048 | D:4      | Gained mutation: You regenerate magic rapidly. [demonic
                  | ancestry]
  2048 | D:4      | Reached XP level 5. HP: 30/42 MP: 5/5
  2330 | D:4      | Slain by an orc wizard

Illustrated notes

Levels and vault maps discovered:
D:1:      lordsloth_arrival_two_stooges, layout_loops_ring, serial_forest,
          infiniplex_forest_straight_2, infiniplex_forest_lined_3,
          infiniplex_forest_clump_medium, infiniplex_forest_end_2,
          infiniplex_forest_lined_2, infiniplex_forest_clump_curved,
          infiniplex_forest_lined_3
D:2:      layout_rooms, serial_glass, glass_columns_c, glass_columns_a,
          glass_columns_b, glass_columns_b, basic_altar
D:3:      gammafunk_wand_slinger, layout_loops_ring, nrook_mini_backslash
D:4:      layout_rooms, chequers_big_river, uniq_natasha

Skill      XL: |  1  2  3  4  5 |
---------------+----------------+-----
Axes           | 2 |  2.0
Armour         | 3 4 |  4.0
Unarmed Combat | 1 2 |  2.5
Fighting       | 4 |  4.5
Shields        | |  2.8

Action                     |  1- 3 |  4- 6 || total
---------------------------+-------+-------++-------
  Melee: War axe           |    66 |    76 ||   142
         Touch             |    10 |    12 ||    22
         Punch             |       |     1 ||     1
 Armour: Scale mail        |    63 |    93 ||   156
  Dodge: Dodged            |    41 |    28 ||    69
  Block: Buckler           |     3 |       ||     3

Table legend: (Time is in decaauts)
 A = Elapsed time spent in this place.
 B = Non-inter-level travel time spent in this place.
 C = Inter-level travel time spent in this place.
 D = Time resting spent in this place.
 E = Time spent auto-exploring this place.
 F = Levels seen in this place.
 G = Mean time per level.
                   A        B        C        D        E       F      G
               +--------+--------+--------+--------+--------+-----+--------+
         Total |   2386 |   2289 |     97 |    119 |   1780 |   4 |  596.5 |
       Dungeon |   2386 |   2289 |     97 |    119 |   1780 |   4 |  596.5 |
               +--------+--------+--------+--------+--------+-----+--------+

Top non-repeatable levels by time:
     D:1: 862 daAuts
     D:3: 694 daAuts
     D:2: 527 daAuts
     D:4: 302 daAuts
